 Dungeon Crawl Stone Soup version 0.29.1-1-gd02db6906a (webtiles) character file.

Game seed: 4207111208020258633

305 Theotherone the Cudgeller (level 6, 0/51 HPs)
             Began as a Minotaur Fighter on Sept 18, 2022.
             Slain by a gnoll
             ... wielding a +0 halberd
              (8 damage)
             ... on level 3 of the Dungeon on Oct 9, 2022.
             The game lasted 00:09:07 (3206 turns).

Theotherone the Cudgeller (Minotaur Fighter)        Turns: 3206, Time: 00:09:07

Health: 0/51       AC:  6    Str: 22    XL:     6   Next: 15%
Magic:  5/5        EV:  9    Int:  5    God:
Gold:   32         SH:  4    Dex: 10    Spells: 5/5 levels left

rFire   . . .      SeeInvis .   l - +1 whip (elec)
rCold   . . .      Faith    .   c - +0 buckler
rNeg    . . .      Spirit   .   b - +0 scale mail
rPois   .          Reflect  .   (helmet restricted)
rElec   .          Harm     .   (no cloak)
rCorr   .          Rampage  .   (no gloves)
Will    +....                   (no boots)
Stlth   ..........              y - amulet of the acrobat
HPRegen 0.17/turn               r - ring of willpower
MPRegen 0.09/turn               (no ring)

@: no status effects
A: horns 2, retaliatory headbutt
a: no special abilities


You were on level 3 of the Dungeon.
You visited 1 branch of the dungeon, and saw 3 of its levels.

You collected 209 gold pieces.
You spent 177 gold pieces at shops.

Inventory:

Hand Weapons
 a - a +0 war axe
 l - a +1 whip of electrocution (weapon)
 v - the +4 quarterstaff of Joyful Slaughter {flame, MP+9 Int+5}
   (You found it on level 3 of the Dungeon)

   It burns those it strikes, dealing additional fire damage.
   Int:       It affects your intelligence (+5).
   MP:        It affects your magic capacity (+9).
 C - a +2 whip of holy wrath
Missiles
 g - 2 javelins (quivered)
 p - 21 stones
Armour
 b - a +0 scale mail (worn)
 c - a +0 buckler (worn)
Jewellery
 r - a ring of willpower (left hand)
 y - an amulet of the acrobat (around neck)
Scrolls
 e - a scroll of blinking
 f - a scroll of brand weapon {unknown}
 i - a scroll of magic mapping {unknown}
 k - a scroll of noise {unknown}
 m - 2 scrolls of immolation {unknown}
 n - a scroll of enchant weapon {unknown}
 q - a scroll of teleportation {unknown}
 s - 3 scrolls of identify {@r1}
 u - a scroll of summoning {unknown}
 w - a scroll of enchant armour {unknown}
 A - a scroll of fear {unknown}
Potions
 d - 3 potions of might
 h - 2 potions of brilliance
 j - a potion of haste
 o - a potion of curing
 t - a potion of attraction {unknown}
 x - a potion of degeneration {unknown}
 z - a potion of magic {unknown}
 B - a potion of mutation {unknown}


   Skills:
 - Level 3.6 Fighting
 - Level 5.3(6.5) Axes
 + Level 5.5(6.6) Maces & Flails
 - Level 3.6 Armour
 - Level 3.6 Shields


You had 5 spell levels left.
You didn't know any spells.
Your spell library was empty.

Dungeon Overview and Level Annotations

Branches:
Dungeon (3/15)

Altars:

Shops:
D:2 *((


Innate Abilities, Weirdness & Mutations

You have a pair of horns on your head.
You reflexively headbutt those who attack you in melee.


Message History

The orc shouts!
You hit the gnoll. Lightning courses through the gnoll!
You kill the gnoll!
You hear a shout!
An orc comes into view. It is wielding a +0 flail.
The orc shouts!
You hear a shout!
Things that are here:
a +0 spear; a gnoll corpse You hit the orc.
The orc is heavily wounded.
The orc hits you but does no damage. The orc barely misses you.
You furiously retaliate!
You headbutt the orc!
You kill the orc!
The orc misses you.
There is a huge open gate here.
Things that are here:
a +0 flail; a lumpy brown potion; 21 gold pieces You hit the orc.
The orc is moderately wounded.
A gnoll comes into view. It is wielding a +0 halberd.
The orc hits you but does no damage. You block the orc's attack.
You closely miss the orc.
The orc is moderately wounded.
The orc hits you but does no damage. The orc hits you with a +0 hand axe.
* * * LOW HITPOINT WARNING * * *
You barely miss the orc.
The orc is moderately wounded.
The gnoll throws a throwing net.
The throwing net hits you.
You become entangled in the net!
The orc hits you with a +0 short sword.
* * * LOW HITPOINT WARNING * * *
You struggle against the net.
The orc hits you with a +0 hand axe.
* * * LOW HITPOINT WARNING * * *
The orc barely misses you.
You struggle against the net.
The orc hits you but does no damage. The gnoll barely misses you.
The orc hits you with a +0 short sword.
* * * LOW HITPOINT WARNING * * *
You shred the net and break free! You block the orc's attack.
A gnoll comes into view. It is wielding a +0 club.
The gnoll hits you from afar with a +0 halberd!
You die...

#........#.......##....#
#........#....##..)..#.#
#........#######.......##########
..............).....)............
~~≈~≈~~~~~~~~~~....~≈≈~~~≈~~~~~~~
≈≈≈≈≈≈~≈~≈≈≈≈≈~....)≈~~≈≈≈≈≈≈≈≈≈≈
###~≈~~~~~~~~~~...)~≈≈~≈~~~~~~~##
g.#............o..))...........#o
..#############'@''#############.
#'# #.o..# #+ .. #...g# .g....'.
# ########## # # # #


You could see 2 gnolls and 2 orcs.

Vanquished Creatures
  A howler monkey (D:3)
  2 hounds (D:3)
  5 gnolls (D:3)
  5 adders
  A worm (D:2)
  2 dart slugs
  5 orcs (D:3)
  5 bats
  9 endoplasms
  5 giant cockroaches
  10 goblins
  3 hobgoblins (D:1)
  11 jackals (D:3)
  6 kobolds
  5 quokkas
  9 ball pythons
  3 frilled lizards
  19 rats
  2 toadstools (D:2)
108 creatures vanquished.

Vanquished Creatures (others)
  6 fungi (D:2)
  2 plants (D:3)
  4 toadstools (D:2)
12 creatures vanquished.

Grand Total: 120 creatures vanquished

Notes
Turn   | Place    | Note
-------+----------+-------------------------------------------
     0 | D:1      | Theotherone the Minotaur Fighter began the quest for the
                  | Orb.
     0 | D:1      | Reached XP level 1. HP: 19/19 MP: 0/0
   225 | D:1      | Reached XP level 2. HP: 22/26 MP: 1/1
  1117 | D:2      | Reached XP level 3. HP: 31/31 MP: 2/2
  1379 | D:2      | Found Peso's Assorted Antiques.
  1410 | D:2      | Bought a red potion for 19 gold pieces
  1431 | D:2      | Reached skill level 5 in Axes
  1457 | D:2      | Reached XP level 4. HP: 33/39 MP: 3/3
  1735 | D:2      | Found Roleicy's Weapon Shoppe.
  1742 | D:2      | Bought a +1 whip of electrocution for 158 gold pieces
  1849 | D:2      | Found Coohim's Weapon Boutique.
  2065 | D:3      | Reached skill level 1 in Maces & Flails
  2322 | D:3      | Identified the +4 quarterstaff of Joyful Slaughter {flame,
                  | MP+9 Int+5}
  2738 | D:3      | Reached XP level 5. HP: 45/45 MP: 4/4
  2952 | D:3      | Found a faded altar of an unknown god.
  3095 | D:3      | Reached skill level 5 in Maces & Flails
  3173 | D:3      | Reached XP level 6. HP: 33/51 MP: 5/5
  3206 | D:3      | Slain by a gnoll

Illustrated notes

Levels and vault maps discovered:
D:1:      minmay_arrival_doors, layout_loops_corners
D:2:      layout_basic, serial_shops, nicolae_shop_bloodbath_and_beyond,
          nicolae_shop_trees, shop_fountains, minmay_strange_pillars,
          minmay_gold_behind_fungi, minmay_rat_hole
D:3:      lemuel_castle_with_subvaults [lemuel_castle_interior_carwin_3],
          layout_basic, shapermc_ecumenical_altar_mp_highgroup,
          minmay_snake_closets

Skill      XL: |  1  2  3  4  5 |
---------------+----------------+-----
Axes           | 3 4 5 |  5.3
Maces & Flails | 3 5 |  5.5
Fighting       | |  3.6
Armour         | |  3.6
Shields        | |  3.6

Action                   |  1- 3 |  4- 6 || total
-------------------------+-------+-------++-------
Melee: War axe           |   100 |    28 ||   128
       Headbutt          |    12 |    10 ||    22
       Whip              |       |    95 ||    95
  Use: Scroll            |     2 |     2 ||     4
       Potion            |       |     1 ||     1
Armor: Scale mail        |    32 |    58 ||    90
Dodge: Dodged            |    38 |    81 ||   119
Block: Buckler           |    13 |    35 ||    48
